 Dungeon Crawl Stone Soup version 0.31.0-11-ge490571c62 (webtiles) character file.

Game seed: 5108684938875714154

348 SnakkuSnakku7 the Shooter (level 6, -5/43 HPs)
             Began as a Merfolk Conjurer on Feb 1, 2024.
             Was an Initiate of Ru.
             Slain by a sleepcap (18 damage)
             ... on level 5 of the Dungeon.
             The game lasted 00:07:16 (4232 turns).

SnakkuSnakku7 the Shooter (Merfolk Conjurer)        Turns: 4232, Time: 00:07:17

Health: -5/43      AC:  4    Str:  7    XL:     6   Next: 60%
Magic:  9/9        EV:  2    Int: 18    God:    Ru [......]
Gold:   8          SH:  0    Dex: 14    Spells: 8/9 levels left

rFire   . . .        a - +0 sling
rCold   . . .        (no shield)
rNeg    . . .        t - +0 leather armour {rPois}
rPois   +            (no helmet)
rElec   .            (no cloak)
rCorr   .            w - +0 pair of gloves
SInv    .            (no boots)
Will    .....        e - amulet of regeneration
Stlth   ++           (no ring)
HPRegen 1.07/turn    (no ring)
MPRegen 0.11/turn

%: no passive effects
@: sleeping
A: (nimble swimmer 2), mertail
a: Renounce Religion


You were on level 5 of the Dungeon.
You worshipped Ru.
Ru was noncommittal.
You visited 2 branches of the dungeon, and saw 6 of its levels.

You collected 234 gold pieces.
You spent 226 gold pieces at shops.

Inventory:

Hand Weapons
 a - a +0 sling (weapon)
 c - a +0 dagger
Missiles
 h - 10 poisoned darts
Armour
 t - a +0 leather armour of poison resistance (worn)
 w - a +0 pair of gloves (worn)
Jewellery
 e - an amulet of regeneration (around neck)
Wands
 n - a wand of polymorph (21)
 y - a wand of mindburst (4)
Scrolls
 f - a scroll of vulnerability {unknown}
 g - 2 scrolls of enchant weapon {unknown}
 i - a scroll of fear {unknown}
 j - a scroll of amnesia {unknown}
 l - 3 scrolls of blinking {unknown}
 p - a scroll of revelation {unknown}
 s - a scroll of acquirement {unknown}
 u - a scroll of identify {unknown}
 v - 2 scrolls of teleportation {unknown}
 z - a scroll of immolation {unknown}
Potions
 b - 2 potions of magic
 d - 3 potions of enlightenment {unknown}
 k - 2 potions of brilliance
 m - a potion of haste {unknown}
 o - 2 potions of mutation {unknown}
 q - 2 potions of degeneration {unknown}
 r - a potion of heal wounds {unknown}
 x - 2 potions of invisibility {unknown}
 A - a potion of curing {unknown}


   Skills:
 - Level 1.5 Fighting
 + Level 5.1 Ranged Weapons
 - Level 2.6 Dodging
 - Level 2.1 Stealth
 - Level 2.0 Spellcasting
 - Level 3.2 Conjurations


You had 8 spell levels left.
You knew the following spells:

 Your Spells              Type           Power      Damage    Failure   Level
a - Magic Dart            Conj           52%        1d5       7%          1

Your spell library contained the following spells:

 Spells                   Type           Power      Damage    Failure   Level
 Searing Ray              Conj           26%        2d5       11%         2
 Sting                    Conj/Alch      28%        1d4       14%         1
 Apportation              Tloc           2%         N/A       26%         1
 Necrotise                Necr           4%         1d4       26%         1
 Summon Small Mammal      Summ           4%         N/A       26%         1
 Fulminant Prism          Conj/Alch      3%         3d5       80%         4
 Iskenderun's Mystic Bla  Conj/Tloc      7%         2d4       80%         4
 Animate Dead             Necr           1%         N/A       95%         4
 Haunt                    Necr/Summ      0%         N/A       100%        7
 Infestation              Necr           0%         N/A       100%        8


Dungeon Overview and Level Annotations

Branches:
Dungeon (5/15)             Temple (1/1) D:4

Altars:
Fedhas
Gozag
Hepliaklqana
Kikubaaqudgha
Makhleb
Nemelex Xobeh
Okawaru
Qazlal
Ru
Sif Muna
Trog
Uskayaw
Vehumet
Wu Jian
Xom
Yredelemnul
The Shining One

Shops:
D:3 [*[

Annotations:
Temple 2 transporters


Innate Abilities, Weirdness & Mutations

((You are very nimble when in or above water. (Stealth+, EV+, Speed+++)))
Your lower body shifts to a powerful aquatic tail in water.


Message History

The sleepcap is moderately damaged.
The sleepcap closely misses you.
Unknown command.
You shoot a sling bullet. The sling bullet hits the sleepcap.
The sleepcap is heavily damaged.
The sleepcap releases spores at you! The sleepcap misses you.
You shoot a sling bullet.
The sling bullet hits the sleepcap but does no damage.
The sleepcap is heavily damaged.
The sleepcap releases spores at you.
You are engulfed in a cloud of soporific spores!
You fall asleep.
The sleepcap releases spores at you!
You wake up.
You are engulfed in a cloud of soporific spores!
You are unaffected.
You shoot a sling bullet.
The sling bullet hits the sleepcap but does no damage.
The sleepcap is heavily damaged.
The sleepcap releases spores at you!
* * * LOW HITPOINT WARNING * * *
You shoot a sling bullet.
The sling bullet hits the sleepcap but does no damage.
The sleepcap is heavily damaged.
The sleepcap closely misses you.
You shoot a sling bullet. The sling bullet hits the sleepcap.
The sleepcap is heavily damaged.
The sleepcap misses you. The sleepcap releases spores at you.
You are engulfed in a cloud of soporific spores!
You are unaffected.
Unknown command.
There is an open door here.
You shoot a sling bullet.
The sling bullet hits the sleepcap but does no damage.
The sleepcap is heavily damaged.
The sleepcap releases spores at you.
* * * LOW HITPOINT WARNING * * *
You are engulfed in a cloud of soporific spores!
You fall asleep.
The sleepcap releases spores at you!!
You die...

######.....## .
...#.......##
...###.........)#
................+
#.<........#
.......#.......#
##.######.....##
##...## ##@## #f#
#.# ... .....
...?... #......##
#..#.#.# #.......


You could see a sleepcap.

Vanquished Creatures
  A bombardier beetle (D:3)
  Jessica (D:3)
  A sleepcap (D:4)
  2 iguanas
  An orc wizard (D:3)
  4 gnolls
  6 adders
  A ribbon worm (D:2)
  5 dart slugs
  3 orcs (D:2)
  8 endoplasms
  7 giant cockroaches
  7 goblins
  6 hobgoblins
  2 quokkas
  6 ball pythons
  8 bats
  6 frilled lizards
  10 kobolds
  4 rats
89 creatures vanquished.

Notes
Turn   | Place    | Note
-------+----------+-------------------------------------------
     0 | D:1      | SnakkuSnakku7 the Merfolk Conjurer began the quest for the
                  | Orb.
     0 | D:1      | Reached XP level 1. HP: 13/13 MP: 3/3
    38 | D:1      | Reached skill level 1 in Fighting
   119 | D:1      | Reached XP level 2. HP: 21/21 MP: 5/5
   274 | D:1      | Reached skill level 1 in Ranged Weapons
   514 | D:1      | Reached XP level 3. HP: 26/26 MP: 6/6
   983 | D:2      | Reached skill level 2 in Ranged Weapons
  1089 | D:2      | Reached XP level 4. HP: 23/32 MP: 7/7
  1662 | D:2      | Found a faded altar of an unknown god.
  1782 | D:3      | Found Qeigua's Antique Armour Shop.
  1935 | D:3      | Reached skill level 3 in Ranged Weapons
  1953 | D:3      | Bought a dyed leather armour for 120 gold pieces
  2417 | D:2      | Reached XP level 5. HP: 8/37 MP: 1/8
  2767 | D:3      | Found a blossoming altar of Fedhas.
  2853 | D:3      | Found a shimmering altar of Xom.
  2922 | D:3      | Reached skill level 4 in Ranged Weapons
  2936 | D:3      | Found Zojaf's Assorted Antiques.
  3270 | D:3      | Bought a scroll labelled SEUQIR MORERUSCH for 28 gold
                  | pieces
  3327 | D:3      | Found Fixorho's Antique Armour Emporium.
  3362 | D:3      | Noticed Jessica
  3373 | D:3      | Killed Jessica
  3374 | D:3      | Reached XP level 6. HP: 43/43 MP: 9/9
  3402 | D:3      | Bought a scroll labelled SEUQIR MORERUSCH for 28 gold
                  | pieces
  3635 | D:4      | Found a staircase to the Ecumenical Temple.
  3646 | Temple   | Found a transporter.
  3646 | Temple   | Found a transporter.
  3646 | Temple   | Found a transporter.
  3646 | Temple   | Found a transporter.
  3646 | Temple   | Entered the Ecumenical Temple
  3662 | Temple   | Became a worshipper of Ru the Awakened
  3693 | D:4      | Found an opulent altar of Gozag.
  3730 | D:4      | Found a hazy altar of Hepliaklqana.
  4146 | D:3      | Bought a yellow potion for 25 gold pieces
  4146 | D:3      | Bought a yellow potion for 25 gold pieces
  4169 | D:5      | Entered Level 5 of the Dungeon
  4180 | D:5      | Reached skill level 5 in Ranged Weapons
  4232 | D:5      | Slain by a sleepcap

Illustrated notes

Levels and vault maps discovered:
D:1:      minmay_arrival_arboretum_small, layout_basic
D:2:      kennysheep_big_flooded_room, layout_basic,
          shapermc_ecumenical_altar_ellora, minmay_randomly_rotated_circles
D:3:      layout_rooms, general_overflow_altar, lemuel_crystal_altar,
          serial_shops, shop, shop, shop, uniq_jessica
D:4:      layout_loops_ring, nicolae_hepliaklqana_hazy_memory,
          mainiacjoe_overflow_cross_hatched, minmay_temple_entry_large_hall,
          minmay_misc_feat_tiny, minivault_25, minmay_misc_feat_alley
D:5:      layout_loops_corners, marbit_many_paths, minmay_stone_trees_medium,
          dreamdust_princess_bridge
Temple:   hellmonk_temple_divided_pantheon

Skill      XL: |  1  2  3  4  5  6 |
---------------+-------------------+-----
Fighting       | 1 |  1.5
Ranged Weapons | 1 2 3 4 5 |  5.1
Dodging        | |  2.6
Stealth        | |  2.1
Spellcasting   | |  2.0
Conjurations   | |  3.2

Action                     |  1- 3 |  4- 6 || total
---------------------------+-------+-------++-------
  Melee: Dagger            |    11 |       ||    11
         Unarmed           |     9 |       ||     9
         Punch             |     2 |       ||     2
   Fire: Sling             |    99 |   261 ||   360
  Throw: Dart              |       |     5 ||     5
   Cast: Magic Dart        |    10 |    36 ||    46
  Evoke: Wand              |       |     2 ||     2
    Use: Potion            |       |     1 ||     1
 Armour: Robe              |    12 |       ||    12
         Leather armour    |    30 |   148 ||   178
  Dodge: Dodged            |    45 |   135 ||   180
